 Dungeon Crawl Stone Soup version 0.18-a0-739-gdae9da8 (webtiles) character file.

2900 M4edhros the Covert (level 9, -2/53 HPs)
             Began as an Octopode Artificer on Dec 10, 2015.
             Was a Priest of Okawaru.
             Slain by Grum
             ... wielding a -2 spear
              (13 damage)
             ... on level 8 of the Dungeon on Dec 11, 2015.
             The game lasted 00:12:17 (6570 turns).

M4edhros the Covert (Octopode Artificer)            Turns: 6570, Time: 00:12:17

Health: -2/53      AC:  3    Str: 10    XL:     9   Next: 77%
Magic:  14/14      EV: 14    Int: 17    God:    Okawaru [***...]
Gold:   359        SH:  7    Dex: 13    Spells: 0 memorised, 12 levels left

rFire  . . .     SeeInvis .     u - +4 hunting sling
rCold  . . .     Clarity  .     f - +2 buckler
rNeg   . . .     SustAt   .     (helmet restricted)
rPois  +         Gourm    .     j - amulet of faith
rElec  .         Spirit   .     t - ring of poison resistance
rCorr  .         Dismiss  .     v - +6 ring of slaying
rMut   .         Rnd*Tele +     E - ring of teleportation (curse)
MR     .....                    (no ring)
Stlth  +++++.....               (no ring)
                                (no ring)
                                (no ring)
                                (no ring)

@: exhausted, slowed, very slow, not resistant to hostile enchantments, quite
stealthy
A: almost no armour, amphibious, 8 rings, constrict 8, slimy green scales 1,
camouflage 1, gelatinous body 1
a: Heroism, Renounce Religion, Evoke Teleportation


You were on level 8 of the Dungeon.
You worshipped Okawaru.
Okawaru was most pleased with you.
You were very hungry.

You visited 2 branches of the dungeon, and saw 8 of its levels.

You collected 359 gold pieces.

Inventory:

Hand Weapons
 m - a +2 whip of electrocution
 u - a +4 hunting sling (weapon)
 w - a +0 trident of venom
 H - a +0 dagger of venom
Missiles
 k - 197 stones
 s - 39 sling bullets (quivered)
 G - 17 exploding sling bullets
Armour
 f - a +2 buckler (worn)
Magical Staves
 q - an uncursed staff of cold
Jewellery
 h - an uncursed amulet of the gourmand
 j - an amulet of faith (around mantle)
 l - an uncursed amulet of regeneration {unknown}
 t - a ring of poison resistance (left tentacle)
 v - a +6 ring of slaying (right tentacle)
 z - an uncursed amulet of rage {unknown}
 E - a cursed ring of teleportation (on tentacle)
Wands
 b - a wand of flame (0)
 c - a wand of enslavement (24)
 d - a wand of random effects (11)
Scrolls
 i - a scroll of immolation
 y - a scroll of enchant weapon
 D - a scroll of identify
 F - 2 scrolls of remove curse {unknown}
 K - a scroll of enchant armour {unknown}
Potions
 J - a potion of flight {unknown}
Books
 I - a book of Cantrips

   Spells                             Type                      Level
   a - Corona                         Hexes                        1
   b - Animate Skeleton               Necromancy                   1
   c - Summon Small Mammal            Summoning                    1
   d - Apportation                    Translocation                1
Comestibles
 e - 2 bread rations
 n - 3 royal jellies
 o - a beef jerky
 C - 3 fruits


   Skills:
 - Level 1.0 Fighting
 - Level 1.0 Short Blades
 * Level 6.4 Slings
 + Level 5.5 Dodging
 + Level 8.6 Stealth
 * Level 3.7 Shields
 + Level 2.2 Spellcasting
 + Level 2.8 Invocations
 + Level 7.3 Evocations


You had 12 spell levels left.
You didn't know any spells.

Dungeon Overview and Level Annotations

Branches:
Dungeon (6/15)             Temple (1/1) D:6

Altars:
Ashenzari
Cheibriados
Gozag
Makhleb
Nemelex Xobeh
Okawaru
Qazlal
Ru
Sif Muna
Trog
Vehumet
Xom
Zin
The Shining One

Annotations:
D:8 Grum


Innate Abilities, Weirdness & Mutations

You cannot wear most types of armour.
You are amphibious.
You can wear up to eight rings at the same time.
You can use your tentacles to constrict eight enemies at once.
Your skin changes colour to match your surroundings (Stealth).
Your rubbery body absorbs attacks (AC +1).
You are partially covered in slimy green scales (AC +2).


Message History

You bump into the rock wall.
The wolf barely misses you.
You feel your anger subside.
You are no longer berserk.
You pass out from exhaustion.
You feel yourself slow down.
You are feeling very hungry.
The wolf bites you! The wolf bites you! x2
Grum hits you but does no damage. The wolf bites you! The wolf bites you!
Grum hits you from afar with a spear!
* * * LOW HITPOINT WARNING * * *
The wolf bites you.
* * * LOW HITPOINT WARNING * * *
You can move again.
Unknown command.
Unknown command.
Drink which item? (? for menu, Esc to quit)
You feel better.
You feel less invigorated. You block the wolf's attack.
Grum hits you from afar with a spear!
You die...
Xom howls with laughter!

###### #..... ##########
#########.....
<..hh..gh#
#.......'.....
########h#
#.#######.....
####@###.#######.....
#....##.)............
#.##.##..######......
#.#####..............
#........######.#####
########.##..........
###########.##.###......
#..........>............
#.#########.##..........


You could see Grum and 2 wolves.

Vanquished Creatures
  The ghost of M4edhros the Sneak, a novice OpAr of Fedhas (D:6)
  Maurice (D:8)
  Sigmund (D:6)
  Eustachio (D:5)
  Menkaure (D:4)
  Edmund (D:5)
  3 ice beasts
  An orc warrior (D:8)
  A necrophage (D:5)
  A phantom (D:6)
  A water moccasin skeleton (D:4)
  3 electric eels (D:8)
  A crimson imp (D:6)
  3 orc priests
  3 orc wizards
  A hound (D:4)
  A giant frog skeleton (D:5)
  A centaur skeleton (D:6)
  Ijyb (D:3)
  2 worker ants
  A shadow imp (D:6)
  16 adders
  4 oozes
  An adder zombie (D:5)
  2 worms (D:2)
  5 giant geckos
  11 orcs
  4 bats
  5 goblins
  9 hobgoblins
  13 jackals
  11 kobolds
  2 quokkas (D:4)
  2 ball pythons
  A ball python zombie (D:5)
  7 giant cockroaches
  6 giant newts
  9 rats
138 creatures vanquished.

Vanquished Creatures (collateral kills)
  Pikel (D:5)
  Grinder (D:3)
  2 slaves (D:5)
  A worker ant (D:5)
  An orc (D:3)
6 creatures vanquished.

Grand Total: 144 creatures vanquished

Notes
Turn   | Place    | Note
--------------------------------------------------------------
     0 | D:1      | M4edhros the Octopode Artificer began the quest for the Orb.
     0 | D:1      | Reached XP level 1. HP: 13/13 MP: 3/3
    98 | D:1      | Reached XP level 2. HP: 12/18 MP: 4/4
   206 | D:1      | Found a shimmering altar of Xom.
   222 | D:1      | Became a worshipper of Xom of Chaos
   544 | D:2      | Reached skill level 4 in Evocations
   544 | D:2      | Reached XP level 3. HP: 17/23 MP: 4/6
  1018 | D:3      | Reached XP level 4. HP: 26/28 MP: 7/7
  1054 | D:3      | Noticed Grinder
  1113 | D:3      | Paralysed by Grinder for 3 turns
  1115 | D:3      | XOM: summons 2 friendly demons
  1119 | D:3      | Killed Grinder
  1119 | D:3      | Reached skill level 1 in Slings
  1119 | D:3      | Reached skill level 5 in Evocations
  1119 | D:3      | Reached XP level 5. HP: 20/33 MP: 8/8
  1135 | D:3      | Found a radiant altar of Vehumet.
  1245 | D:4      | Noticed an ice beast
  1256 | D:4      | Killed an ice beast
  1256 | D:4      | Reached skill level 5 in Stealth
  1256 | D:4      | Reached XP level 6. HP: 38/38 MP: 9/9
  1461 | D:4      | Noticed Menkaure
  1464 | D:4      | Killed Menkaure
  1464 | D:4      | Reached XP level 7. HP: 36/43 MP: 9/11
  1550 | D:4      | Reached skill level 6 in Stealth
  1713 | D:4      | XOM: mild Conj miscast
  1860 | D:5      | Entered Level 5 of the Dungeon
  1905 | D:5      | XOM: cast spell 'Death Channel'
  1920 | D:5      | XOM: colour smoke trail
  2029 | D:5      | Noticed Edmund
  2048 | D:5      | XOM: noise
  2252 | D:5      | XOM: medium Tloc miscast
  2260 | D:5      | Killed Edmund
  2289 | D:5      | XOM: cast spell 'Summon Horrible Things'
  2298 | D:5      | Noticed Pikel
  2299 | D:5      | Killed Pikel
  2299 | D:5      | Reached skill level 7 in Stealth
  2299 | D:5      | Reached XP level 8. HP: 40/48 MP: 12/12
  2327 | D:5      | XOM: confusion
  2484 | D:5      | Noticed Eustachio
  2488 | D:5      | XOM: swap monsters
  2556 | D:6      | Found a staircase to the Ecumenical Temple.
  2565 | Temple   | Entered the Ecumenical Temple
  2700 | Temple   | Fell from the grace of Xom
  2700 | Temple   | Became a worshipper of Warmaster Okawaru
  2777 | D:5      | Killed Eustachio
  2777 | D:5      | Reached skill level 5 in Slings
  2958 | D:2      | XOM: 3-stop teleportation journey
  3370 | D:2      | XOM: summons 2 hostile demons
  3615 | D:2      | XOM: medium Air miscast
  3661 | D:2      | Found a sparkling altar of Nemelex Xobeh.
  3733 | D:2      | XOM: mild Chrm miscast
  3807 | D:2      | XOM: medium Pois miscast
  4891 | D:3      | Noticed Ijyb
  4897 | D:3      | Killed Ijyb
  5275 | D:5      | Reached skill level 1 in Shields
  5450 | D:6      | Reached * piety under Okawaru
  5453 | D:6      | Noticed M4edhros's ghost (novice OpAr)
  5482 | D:5      | XOM: mild Summ miscast
  5530 | D:6      | Reached skill level 1 in Invocations
  5638 | D:6      | Killed M4edhros's ghost
  5638 | D:6      | Reached ** piety under Okawaru
  5638 | D:6      | Reached skill level 5 in Dodging
  5638 | D:6      | Reached skill level 8 in Stealth
  5638 | D:6      | Reached skill level 1 in Spellcasting
  5638 | D:6      | Reached XP level 9. HP: 35/53 MP: 14/14
  5718 | D:6      | Noticed Sigmund
  5724 | D:6      | Killed Sigmund
  6011 | D:6      | Found a sparkling altar of Nemelex Xobeh.
  6126 | D:6      | You fall through a shaft for 2 floors!
  6266 | D:8      | XOM: noise
  6346 | D:8      | Reached *** piety under Okawaru
  6448 | D:8      | Noticed Maurice
  6465 | D:8      | Killed Maurice
  6554 | D:8      | Noticed Grum
  6557 | D:8      | Gained mutation: You are partially covered in slimy green scales (AC +2). [potion of beneficial mutation]
  6569 | D:8      | HP: 1/53 [wolf[Grum] (5)]
  6570 | D:8      | Slain by Grum

Vault maps used:
D:1:      enne_arrival_octagon_isle, minmay_misc_feat_chi,
          kennysheep_decorative_pillar, minmay_misc_feat_room, xom_teletrap_fun
D:2:      nemelex_deck
D:3:      vehumet_crystals, serial_glass, glass_columns_a, glass_columns_b,
          first_bread, uniq_grinder, uniq_iyjb
D:4:      minmay_misc_feat_tower, uniq_menkaure
D:5:      uniq_eustachio, uniq_edmund, uniq_pikel
D:6:      nicolae_overflow_hidden_temple, minmay_temple_entry_glass,
          uniq_sigmund
D:8:      serial_bayou_lagoon_b, uniq_prince_ribbit1, uniq_maurice, uniq_grum
Temple:   eino_narrow_crystal_temple_a_12

Action                   |  1- 3 |  4- 6 |  7- 9 || total
-------------------------+-------+-------+-------++-------
Melee: Short sword       |    16 |       |       ||    16
       Whip              |    35 |    11 |       ||    46
       Hunting sling     |       |       |     3 ||     3
 Fire: Hunting sling     |       |     9 |   388 ||   397
Evoke: Wand              |       |    17 |     2 ||    19
  Use: Scroll            |       |     1 |    15 ||    16
       Potion            |       |       |    10 ||    10
 Stab: Sleeping          |    10 |     2 |       ||    12
  Eat: Chunk             |       |     1 |    14 ||    15
       Beef jerky        |       |       |     1 ||     1
